 Dungeon Crawl Stone Soup version 0.31-a0-1074-g0b22e4e0f1 (webtiles) character file.

Game seed: 2603753460605192885

202 Jeffwins the Digger (level 5, -1/45 HPs)
             Began as a Troll Earth Elementalist on Nov 29, 2023.
             Slain by a gnoll
             ... wielding a +0 halberd
              (4 damage)
             ... on level 3 of the Dungeon.
             The game lasted 00:01:45 (1084 turns).

Jeffwins the Digger (Troll Earth Elementalist)      Turns: 1084, Time: 00:01:46

Health: -1/45      AC:  4    Str: 22    XL:     5   Next: 50%
Magic:  6/6        EV:  9    Int: 13    God:
Gold:   72         SH:  0    Dex: 10    Spells: 6/7 levels left

rFire   . .          .
                       - Unarmed
rCold   . . .        (no shield)
rNeg    + . .        a - +0 robe
rPois   .            (helmet restricted)
rElec   .            (no cloak)
rCorr   .            (gloves unavailable)
SInv    .            (boots unavailable)
Will    .....        (no amulet)
Stlth   +            N - ring of positive energy
HPRegen 1.07/turn    S - +6 ring of strength
MPRegen 0.10/turn

%: no passive effects
@: no status effects
A: large, unfitting armour, claws 3, regeneration 1, shaggy fur 1, tough skin 1
a: no special abilities


You were on level 3 of the Dungeon.
You visited 1 branch of the dungeon, and saw 3 of its levels.

You collected 72 gold pieces.


Innate Abilities, Weirdness & Mutations

You are too large for most types of armour.
You have claws for hands.
Your natural rate of healing is unusually fast.
You are covered in fur. (AC +1)
You have tough skin. (AC +1)


   Skills:
 - Level 1.5 Dodging
 - Level 1.0 Stealth
 * Level 3.0 Unarmed Combat
 + Level 1.9 Spellcasting
 - Level 0.6 Transmutations
 * Level 4.0 Earth Magic
 + Level 0.8 Evocations


You had 6 spell levels left.
You knew the following spells:

 Your Spells              Type           Power      Damage    Failure   Level
z - Sandblast             Erth           22%        2d7       4%          1

Your spell library contained the following spells:

 Spells                   Type           Power      Damage    Failure   Level
 Passwall                 Tmut/Erth      5%         N/A       16%         2
 Magic Dart               Conj           4%         1d3       26%         1
 Stone Arrow              Conj/Erth      12%        3d7       32%         3
 Searing Ray              Conj           2%         2d4       36%         2
 Petrify                  Tmut/Erth      7%         N/A       69%         4
 Brom's Barrelling Bould  Conj/Erth      6%         2d3       73%         4
 Fulminant Prism          Conj/Hex       0%         3d5       95%         4

Inventory:

Missiles
 o - 6 boomerangs
Armour
 a - a +0 robe (worn)
Magical Staves
 p - a staff of earth
Jewellery
 N - a ring of positive energy (left claw)
 S - a +6 ring of strength (right claw)
Wands
 h - a wand of flame (25)
Scrolls
 d - a scroll of amnesia {unknown}
 e - a scroll of fog {unknown}
 f - a scroll of teleportation {unknown}
 i - a scroll of poison {unknown}
 k - a scroll of enchant armour {unknown}
 m - a scroll of fear {unknown}
 n - a scroll of vulnerability {unknown}
 q - a scroll of immolation {unknown}
Potions
 b - a potion of magic
 c - a potion of cancellation {unknown}
 g - a potion of brilliance {unknown}
 j - 2 potions of curing {unknown}
 l - a potion of lignification {unknown}

Dungeon Overview and Level Annotations

Branches:
Dungeon (3/15)

Altars:

.............. .#
#...........#.. ...
#...........##.## ...
#............#...# #..
#..........# .....###..
#..........### ......K.
#............#####.....
#(....†....#..g.r.g...#
#.....@rg..#######..#..
#.#...^gg.## #......
#..........# #..##.<.
............# #.....##
..#........[# ........#
) #.........#
.........#
#.........#..........#
##.......##..........#
##.....## ........#


You could see 3 gnolls and a rat.


Message History

HP restored.
You climb downwards.
There is a stone staircase leading up, spattered with blood here.
The gnoll hits you from afar with a +0 spear.
The gnoll hits you with a +0 halberd.
You claw the gnoll!
The gnoll is severely wounded.
The rat bites you.
The gnoll hits you from afar with a +0 spear.
The gnoll hits you with a +0 halberd!
You closely miss the gnoll.
The gnoll is severely wounded.
The rat barely misses you.
The gnoll hits you from afar with a +0 spear.
* * * LOW HITPOINT WARNING * * *
The gnoll closely misses you.
Unknown command.
The gnoll attacks as it pursues you!
The gnoll hits you from afar with a +0 spear.
* * * LOW HITPOINT WARNING * * *
The gnoll hits you from afar with a +0 halberd!
* * * LOW HITPOINT WARNING * * *
There is a stone staircase leading up, spattered with blood here.
Unknown command.
The rat barely misses you. The gnoll hits you with a +0 club.
* * * LOW HITPOINT WARNING * * *
The gnoll hits you from afar with a +0 spear.
* * * LOW HITPOINT WARNING * * *
The gnoll hits you from afar with a +0 halberd.
You die...

Skill      XL: |  1  2  3  4 |
---------------+-------------+-----
Unarmed Combat | 1 2 3 |  3.0
Earth Magic    | 3 4 |  4.0
Dodging        | |  1.5
Stealth        | |  1.0
Spellcasting   | |  1.9
Transmutations | |  0.6
Evocations     | |  0.8

Action                     |  1- 3 |  4- 6 || total
---------------------------+-------+-------++-------
  Melee: Unarmed           |    82 |    42 ||   124
         Punch             |     1 |       ||     1
   Stab: Sleeping          |     4 |       ||     4
 Armour: Robe              |    48 |    43 ||    91
  Dodge: Dodged            |    30 |    23 ||    53

Levels and vault maps discovered:
D:1:      spicycebolla_arrival_clurvy, layout_rooms
D:2:      layout_loops_ring, minmay_joined_circles, uniq_terence
D:3:      layout_rooms

Notes
Turn   | Place    | Note
-------+----------+-------------------------------------------
     0 | D:1      | Jeffwins the Troll Earth Elementalist began the quest for
                  | the Orb.
     0 | D:1      | Reached XP level 1. HP: 16/16 MP: 1/1
   114 | D:1      | Reached XP level 2. HP: 18/24 MP: 3/3
   118 | D:1      | Reached skill level 1 in Unarmed Combat
   118 | D:1      | Reached skill level 3 in Earth Magic
   351 | D:2      | Reached XP level 3. HP: 31/31 MP: 4/4
   417 | D:2      | Noticed Terence
   425 | D:2      | Killed Terence
   540 | D:2      | Reached skill level 2 in Unarmed Combat
   606 | D:2      | Reached XP level 4. HP: 39/39 MP: 5/5
   969 | D:3      | Noticed a black bear
   980 | D:2      | Killed a black bear
   981 | D:2      | Reached skill level 3 in Unarmed Combat
   981 | D:2      | Reached skill level 4 in Earth Magic
   981 | D:2      | Reached XP level 5. HP: 38/45 MP: 6/6
  1037 | D:3      | HP: 4/45 [gnoll/+0 halberd (6)]
  1084 | D:3      | HP: 3/45 [gnoll/+0 spear (3)]
  1084 | D:3      | Slain by a gnoll

Vanquished Creatures
  A black bear (D:2)
  Terence (D:2)
  3 adders (D:2)
  3 worms (D:2)
  2 dart slugs
  6 ball pythons
  2 bats
  4 endoplasms
  A giant cockroach (D:1)
  3 goblins (D:1)
  5 hobgoblins
  3 jackals (D:1)
  4 quokkas
  A frilled lizard (D:2)
  3 kobolds
  4 rats
46 creatures vanquished.

Table legend: (Time is in decaauts)
 A = Elapsed time spent in this place.
 B = Non-inter-level travel time spent in this place.
 C = Inter-level travel time spent in this place.
 D = Time resting spent in this place.
 E = Time spent auto-exploring this place.
 F = Levels seen in this place.
 G = Mean time per level.
                   A        B        C        D        E       F      G
               +--------+--------+--------+--------+--------+-----+--------+
         Total |   1081 |   1037 |     44 |     30 |    668 |   3 |  360.3 |
       Dungeon |   1081 |   1037 |     44 |     30 |    668 |   3 |  360.3 |
               +--------+--------+--------+--------+--------+-----+--------+

Top non-repeatable levels by time:
     D:2: 695 daAuts
     D:1: 311 daAuts
     D:3: 75 daAuts

Table legend:
 A = Non-vault XP
 B = Vault XP
 C = Vault XP percentage of total XP
 D = Non-vault monster count
 E = Vault monster count
 F = Vault count percentage of total count
                 A         B        C        D         E       F
            +---------+---------+-------+---------+---------+-------
      Total |     234 |      55 |  19.0 |      38 |       8 |  17.4
            +---------+---------+-------+---------+---------+-------
        D:1 |      34 |       0 |   0.0 |      19 |       0 |   0.0
        D:2 |     196 |      55 |  21.9 |      16 |       8 |  33.3
        D:3 |       4 |       0 |   0.0 |       3 |       0 |   0.0
            +---------+---------+-------+---------+---------+-------
